Map: Year Zero LE

Players

GoOdy

  • Race: Terran Terran
  • League: Grandmaster
  • Spawn Location: 11:00

Lambo - Winner!

  • Race: Zerg Zerg
  • League: Grandmaster
  • Spawn Location: 1:00

VOD

Have the link to the VOD?

Description

Time

  • Played on: Feb. 11, 2019, 5:10 a.m.
  • Length: 3:52
Show
View Real Time Build Order
Export as new Build Order

GoOdy Terran 

Build Orders:  

Get SALT Encoding   

  12  0:01  SCV  
  13  0:13  SCV  
  14  0:21  Supply Depot  
  14  0:25  SCV  
  15  0:44  Barracks  
  15  0:47  Barracks  
  15  0:50  SCV  
  16  1:02  SCV  
  17  1:07  Supply Depot  
  17  1:14  SCV  
  18  1:30  Orbital Command  
  18  1:31  Marine  
  19  1:33  Marine  
  20  1:49  Marine  
  20  1:51  Marine  
  22  2:04  Command Center  
  22  2:07  Marine  
  23  2:09  Marine  
  23  2:11  SCV  
  25  2:22  Supply Depot  
  25  2:23  SCV  
  25  2:27  Marine  
  25  2:28  Refinery  
  25  2:29  Marine  
  27  2:35  SCV  
  29  2:45  Marine  
  29  2:47  Refinery, Marine  
  30  2:53  SCV  
  31  3:03  Marine  
  31  3:05  SCV, Marine  
  34  3:18  SCV  
  35  3:20  Orbital Command  
  35  3:21  Marine  
  35  3:23  Marine  
  35  3:25  Factory  
  37  3:30  SCV  
  37  3:31  Bunker  
Show
View Real Time Build Order
Export as new Build Order

Lambo Zerg - Winner!

Build Orders: Hatch First 

Get SALT Encoding   

  12  0:01  Drone  
  13  0:12  Overlord  
  13  0:17  Drone  
  14  0:31  Drone x2  
  16  0:49  Hatchery  
  15  0:53  Drone  
  15  0:56  Drone  
  17  1:01  Drone  
  18  1:11  Extractor  
  18  1:15  Spawning Pool  
  16  1:20  Drone  
  16  1:22  Drone  
  18  1:29  Drone  
  19  1:40  Drone  
  20  1:56  Overlord  
  20  2:02  Queen x2  
  20  2:03  Zergling x4  
  26  2:12  Drone  
  26  2:13  Metabolic Boost  
  27  2:15  Drone  
  28  2:25  Drone x2  
  30  2:36  Drone x2  
  32  2:45  Hatchery  
  31  2:52  Pneumatized Carapace  
  31  2:54  Overlord  
  32  2:58  Drone  
  32  3:00  Drone  
  32  3:03  Drone  
  33  3:08  Zergling x4  
  35  3:14  Zergling x2  
  35  3:15  Zergling x4  
  35  3:17  Zergling x4  
  40  3:20  Zergling x2  
  40  3:23  Zergling x2  
  40  3:26  Overlord  
  42  3:34  Zergling x2  
Tags
 
Add a new tag
Caveats
  • Supply blocks, unpowered buildings, or Contaminate may cause inaccurate times.
  • Supply counts are checked every 10 seconds.